 Dungeon Crawl Stone Soup version 0.20.1-1-g8b1a95d (webtiles) character file.

24 karf the Skirmisher (level 2, 0/24 HPs)
             Began as a Demonspawn Fighter on Nov 2, 2017.
             Was an Initiate of Cheibriados.
             Succumbed to an adder's poison
             ... on level 1 of the Dungeon.
             The game lasted 00:02:35 (971 turns).

karf the Skirmisher (Demonspawn Fighter)             Turns: 971, Time: 00:02:36

Health: 0/24       AC:  6    Str: 17    XL:     2   Next: 79%
Magic:  2/2        EV:  6    Int: 10    God:    Cheibriados [......]
Gold:   40         SH:  9    Dex: 13    Spells: 1/1 levels left

rFire    . . .     SeeInvis .   a - +0 long sword
rCold    . . .     Gourm    .   c - +0 shield
rNeg     . . .     Faith    .   b - +0 scale mail
rPois    .         Spirit   .   (helmet restricted)
rElec    .         Reflect  .   (no cloak)
rCorr    .         Harm     .   (no gloves)
MR       .....                  (no boots)
Stlth    ..........             (no amulet)
Regen    0.1/turn               (no ring)
MPRegen  0.1/turn               (no ring)

@: lethally poisoned (0 -> -5), very slow
A: antennae 1
a: Bend Time, Renounce Religion


You were on level 1 of the Dungeon.
You worshipped Cheibriados.
Cheibriados was noncommittal.
You were not hungry.

You visited 1 branch of the dungeon, and saw 1 of its levels.

You collected 40 gold pieces.

Inventory:

Hand Weapons
 a - a +0 long sword (weapon)
Armour
 b - a +0 scale mail (worn)
 c - a +0 shield (worn)
Jewellery
 j - an uncursed amulet of guardian spirit {unknown}
Scrolls
 e - 4 scrolls of magic mapping {unknown}
 k - a scroll of random uselessness {unknown}
 n - a scroll of identify {unknown}
Potions
 d - a potion of might
 h - 2 potions of magic {unknown}
 i - a potion of brilliance {unknown}
 l - a potion of heal wounds {unknown}
 o - a potion of curing {unknown}
Comestibles
 f - a bread ration
 g - 2 meat rations
 m - a royal jelly


   Skills:
 + Level 3.1 Fighting
 * Level 2.4 Long Blades
 + Level 2.9 Armour
 + Level 2.9 Shields


You had one spell level left.
You didn't know any spells.

Dungeon Overview and Level Annotations

Branches:
Dungeon (1/15)

Altars:
Cheibriados


Innate Abilities, Weirdness & Mutations

You have a pair of small antennae on your head.


Message History

You block the adder's attack.
You barely miss the adder.
The adder is moderately wounded.
* * * LOW HITPOINT WARNING * * *
You feel sick. The adder bites you but does no damage.
The adder barely misses you.
You hit the adder.
The adder is severely wounded.
The adder barely misses you.
You hit the adder but do no damage.
The adder is severely wounded.
* * * LOW HITPOINT WARNING * * *
You feel sick. The adder barely misses you.
The adder bites you but does no damage.
You closely miss the adder.
The adder is severely wounded.
You block the adder's attack. x2
You barely miss the adder.
The adder is severely wounded.
You die...

...).##..#.#.##.#####.##.########
####..##.....##.# #.##.#
#####.##........# #.##.#######
..###.†#.....#..### #..........#
...#...#.#........# ####.#####.#
...+...#.#.#.#.>#.## #.# ###.#
...#...#.#.#.#.....# #.###.#.#
..###.##...........# #.##.#..#
#####'##.......S@..#####.#.###.##
###...###.............##..## ##..
#.......##...........÷.....###.##
.........#.#..........###.#.#.##
.........#.#...#...#### #.##.##
.........#.....#...# #.##.#
#.......##.##..#...# ###.##.#
###...####(.......## #...##.#
###### ####..##.#####.####.##


You could see an adder.

Vanquished Creatures
  3 dart slugs (D:1)
  A leopard gecko (D:1)
  3 goblins (D:1)
  5 bats (D:1)
  3 frilled lizards (D:1)
  2 kobolds (D:1)
  3 rats (D:1)
20 creatures vanquished.

Notes
Turn   | Place    | Note
-------+----------+-------------------------------------------
     0 | D:1      | karf the Demonspawn Fighter began the quest for the Orb.
     0 | D:1      | Reached XP level 1. HP: 18/18 MP: 1/1
   174 | D:1      | Gained mutation: You have a pair of small antennae on your head. [demonic ancestry]
   174 | D:1      | Reached XP level 2. HP: 6/24 MP: 2/2
   429 | D:1      | Found a snail-covered altar of Cheibriados.
   442 | D:1      | Became a worshipper of Cheibriados the Contemplative
   969 | D:1      | HP: 1/24 [poisoned by an adder]
   971 | D:1      | Succumbed to an adder's poison

Skill      XL: |  1 |
---------------+----+-----
Long Blades    | 2 |  2.4
Fighting       | |  3.1
Armour         | |  2.9
Shields        | |  2.9

Action                   || total
-------------------------++-------
Melee: Long sword        ||    69
  Eat: Chunk             ||     1
Armor: Scale mail        ||    33
Dodge: Dodged            ||    27
Block: Shield            ||    34
       Rpst.: Long sword ||     4
